Map: Kairos Junction LE

Players

MarineLord

  • Race: Terran Terran
  • League: Diamond
  • Spawn Location: 5:00

DJRoro - Winner!

  • Race: Terran Terran
  • League: Diamond
  • Spawn Location: 11:00

VOD

Have the link to the VOD?

Description

Time

  • Played on: July 7, 2019, 11:51 p.m.
  • Length: 22:12
Show
View Real Time Build Order
Export as new Build Order

MarineLord Terran 

Build Orders: Liberator Opening 

Get SALT Encoding   

  12  0:00  SCV  
  13  0:13  SCV  
  14  0:17  Supply Depot  
  14  0:25  SCV  
  15  0:39  SCV  
  15  0:41  Barracks  
  16  0:45  Refinery  
  16  0:53  SCV  
  17  1:05  SCV  
  18  1:17  Barracks  
  18  1:29  SCV  
  18  1:30  Supply Depot  
  19  1:32  Refinery  
  19  1:34  Reaper  
  20  1:41  Orbital Command  
  20  2:05  Marine x2, Factory  
  22  2:14  SCV  
  23  2:23  Marine x2  
  24  2:41  Marine x2  
  26  2:45  SCV  
  26  2:49  Starport  
  27  2:56  Barracks  
  27  2:58  Supply Depot  
  27  2:59  Marine x2  
  27  3:00  Factory Tech Lab  
  27  3:05  SCV  
  30  3:19  Siege Tank  
  33  3:22  Supply Depot  
  33  3:25  Supply Depot  
  33  3:28  Starport Reactor  
  35  3:48  Liberator  
  33  3:58  Factory, Siege Tank  
  36  4:09  SCV  
  40  4:14  Barracks Tech Lab  
  40  4:17  Marine x2  
  42  4:27  Viking  
  44  4:37  Marine x3  
  47  4:51  Siege Tank  
  50  4:55  Marine x2  
  50  4:58  SCV  
  53  5:00  Factory Tech Lab  
  53  5:20  Supply Depot  
  53  5:21  Supply Depot  
  53  5:37  Liberator  
  53  5:43  Siege Tank  
  55  5:56  Marine x2  
  60  5:57  Liberator  
  57  6:19  Marine x3  
  60  6:31  Command Center  
  58  6:46  Siege Tank  
  49  7:16  Barracks Reactor  
  49  7:20  Siege Tank  
  45  7:54  Orbital Command  
  45  7:57  Siege Tank x2  
  42  8:11  SCV  
  43  8:15  Marine  
  44  8:20  Stimpack  
  44  8:21  Marine x2  
  44  8:23  SCV, Barracks Reactor  
  47  8:29  Bunker  
  47  8:31  SCV  
  47  8:33  Marine  
  49  8:35  SCV  
  49  8:39  Marine x2  
  52  8:43  SCV  
  52  8:47  SCV  
  54  8:48  Refinery  
  54  8:50  Refinery  
  54  8:51  Marine  
  54  8:55  SCV  
  56  8:56  Marine  
  56  8:57  Marine  
  56  8:59  SCV  
  59  9:04  Marine x2  
  59  9:07  SCV  
  59  9:08  Medivac x2  
  59  9:09  Marine  
  67  9:14  Marine  
  67  9:15  Marine  
  69  9:18  SCV  
  69  9:20  SCV  
  71  9:24  Marine  
  71  9:25  Marine  
  71  9:26  Marine  
  71  9:31  Engineering Bay, SCV  
  75  9:32  Marine, SCV  
  75  9:33  Marine  
  75  9:34  Engineering Bay  
  78  9:39  Supply Depot  
  78  9:41  Supply Depot  
  78  9:45  SCV  
  79  9:50  Marine  
  80  9:56  Command Center  
  80  10:04  Terran Infantry Weapons Level 1  
  80  10:05  Terran Infantry Armor Level 1  
  80  10:37  Command Center  
  80  10:44  Command Center  
  80  11:03  Cyclone x2  
  86  11:19  Armory  
  86  11:20  Mag-Field Accelerator  
  86  11:31  Barracks  
  86  11:33  Barracks  
  86  11:35  Cyclone x2  
  86  11:38  Planetary Fortress  
  92  11:52  SCV  
  93  12:05  SCV  
  93  12:07  Cyclone x2  
  100  12:16  SCV, Sensor Tower  
  100  12:17  SCV  
  102  12:28  SCV  
  102  12:29  SCV  
  104  12:37  Terran Vehicle Weapons Level 1  
  104  12:40  SCV  
  104  12:41  SCV  
  106  12:52  SCV  
  100  13:01  Cyclone x2  
  100  13:04  SCV  
  81  13:17  SCV  
  82  13:20  Refinery x2  
  82  13:33  Cyclone x2  
  76  14:05  Cyclone x2  
  82  14:13  Factory x2  
  82  14:17  Supply Depot x2  
  82  14:18  Supply Depot  
  82  14:25  SCV  
  82  14:30  Armory  
  83  14:37  Cyclone  
  83  14:38  Viking, SCV, Cyclone  
  90  14:39  Viking  
  94  14:59  Factory Tech Lab x2  
  94  15:04  Orbital Command  
  94  15:08  Viking  
  94  15:09  Viking  
  94  15:10  Cyclone x2  
  94  15:14  Barracks Tech Lab x2  
  104  15:20  Ghost Academy  
  104  15:21  Ghost Academy  
  104  15:24  Ghost Academy  
  104  15:25  Siege Tank x2  
  110  15:30  Terran Vehicle And Ship Armor Level 1  
  110  15:38  Viking  
  110  15:39  Viking  
  114  15:50  Cyclone x2  
  117  15:57  Siege Tank x2  
  123  16:08  Viking  
  123  16:09  Viking  
  127  16:17  Personal Cloaking  
  127  16:22  Cyclone x2  
  124  16:29  Siege Tank x2  
  130  16:38  Viking  
  130  16:39  Viking  
  134  16:55  Cyclone x2  
  140  17:08  Viking  
  140  17:09  Viking  
  144  17:17  Hellion  
  144  17:18  Hellion  
  148  17:48  Viking  
  148  17:50  Viking, Hellion  
  144  17:51  Hellion  
  128  18:12  Hellion x3  
  128  18:13  Hellion  
  58  18:56  Siege Tank x4  
  70  19:18  Terran Vehicle Weapons Level 2  
  70  19:27  Command Center  
  70  19:28  Siege Tank x4  
  82  19:36  Command Center  
  82  19:51  Orbital Command  
  82  19:57  Viking  
  82  19:58  Viking  
  86  20:00  Siege Tank x2  
  91  20:19  Orbital Command  
  91  20:27  Viking  
  91  20:28  Viking  
  95  20:34  Hellion x4  
  103  20:39  Supply Depot  
  103  20:40  Supply Depot x2  
  103  20:41  Supply Depot  
  88  20:55  Hellion  
  88  20:56  Hellion x3  
  95  20:57  Viking x2  
  87  21:16  Hellion  
  87  21:17  Hellion x3  
  77  21:27  Viking  
  77  21:30  Viking  
  73  21:38  Hellion x4  
Show
View Real Time Build Order
Export as new Build Order

DJRoro Terran - Winner!

Build Orders: Hellion Opening 

Get SALT Encoding   

  12  0:01  SCV  
  13  0:13  SCV  
  14  0:17  Supply Depot  
  14  0:25  SCV  
  15  0:31  Refinery  
  15  0:38  SCV  
  16  0:45  Barracks  
  16  0:50  SCV  
  17  1:02  SCV  
  18  1:14  SCV  
  19  1:27  SCV  
  19  1:32  Reaper  
  21  1:39  Orbital Command  
  21  1:46  Command Center  
  21  1:56  Factory  
  21  2:04  SCV  
  22  2:11  Barracks Reactor  
  22  2:13  Supply Depot  
  22  2:17  Refinery, SCV  
  23  2:33  SCV  
  23  2:45  Starport  
  23  2:46  SCV  
  24  2:57  Hellion  
  24  2:58  SCV, Hellion  
  29  3:01  Barracks Tech Lab  
  29  3:06  Orbital Command  
  29  3:10  SCV  
  30  3:19  Hellion x2  
  34  3:22  SCV  
  34  3:25  Supply Depot  
  35  3:32  SCV  
  36  3:40  Hellion  
  41  3:48  Raven  
  38  3:54  SCV x2  
  42  3:57  Hellion  
  44  4:04  Barracks Reactor  
  44  4:06  SCV x2  
  44  4:07  Factory  
  46  4:10  Supply Depot, Refinery  
  46  4:13  Hellion  
  48  4:23  SCV x2  
  50  4:32  Engineering Bay  
  50  4:35  Supply Depot, SCV  
  51  4:40  Hellion x2  
  51  4:41  SCV  
  56  4:47  SCV  
  57  4:56  Viking  
  57  4:59  Supply Depot  
  59  5:01  SCV x2  
  59  5:02  Hellion x2  
  59  5:04  Siege Tank  
  68  5:18  Missile Turret  
  68  5:19  SCV x2  
  70  5:23  Supply Depot, Hellion x2  
  74  5:29  Refinery  
  74  5:31  Viking, SCV x2  
  78  5:44  Viking  
  80  6:01  Viking  
  74  6:14  Viking  
  74  6:18  Siege Tank  
  79  6:20  Hellion x2  
  83  6:31  Viking  
  77  6:40  SCV x2  
  77  6:44  Viking  
  81  6:50  Siege Tank  
  84  7:01  Viking  
  84  7:23  Hellion  
  84  7:28  Supply Depot  
  84  7:29  Supply Depot, Hellion  
  86  7:31  Siege Tank  
  82  8:00  Orbital Command  
  82  8:18  Siege Tank  
  82  8:19  Hellion x2  
  89  8:27  Command Center  
  89  8:39  Viking x2  
  93  8:44  Command Center, Armory  
  93  8:48  Armory  
  93  8:50  Siege Tank  
  96  9:02  Hellion x2  
  100  9:08  SCV x2  
  102  9:30  Missile Turret  
  102  9:34  Missile Turret  
  102  9:37  Terran Vehicle Weapons Level 1  
  102  9:38  Terran Vehicle And Ship Armor Level 1, Viking x2, Siege Tank  
  102  9:44  Hellion x2  
  113  9:55  Missile Turret x2  
  113  9:59  Missile Turret  
  113  10:01  Planetary Fortress, Sensor Tower  
  113  10:02  Sensor Tower  
  113  10:04  SCV x3  
  116  10:11  Siege Tank  
  116  10:12  Hellion x2  
  123  10:15  Barracks Tech Lab  
  123  10:16  SCV x2  
  123  10:19  Factory  
  125  10:27  Refinery  
  125  10:29  Refinery  
  125  10:34  Supply Depot  
  125  10:43  Siege Tank  
  125  10:46  Missile Turret  
  125  10:49  Orbital Command  
  128  10:57  Liberator  
  128  11:00  Hellion x2  
  128  11:01  Factory  
  128  11:03  Factory  
  132  11:06  Liberator  
  132  11:10  Supply Depot  
  132  11:12  Supply Depot  
  132  11:13  Supply Depot  
  132  11:15  Supply Depot, Siege Tank  
  132  11:17  Supply Depot  
  138  11:21  Supply Depot x2  
  141  11:26  Infernal Pre-Igniter  
  141  11:31  Hellion x2  
  141  11:32  Factory  
  145  11:43  Supply Depot  
  145  11:59  Siege Tank x2  
  145  12:01  Hellion x2  
  155  12:02  Factory Tech Lab  
  155  12:07  Factory Reactor  
  155  12:17  Hi-Sec Auto Tracking  
  155  12:18  Terran Vehicle Weapons Level 2  
  155  12:19  Missile Turret x2  
  155  12:21  Terran Ship Weapons Level 1  
  155  12:24  Hellion x2  
  155  12:26  Factory Tech Lab  
  159  12:34  Viking x2  
  149  13:05  Liberator x2  
  136  13:37  Siege Tank  
  136  13:38  Hellion x4, Siege Tank  
  136  13:39  Hellion  
  152  13:59  Starport x2  
  152  14:00  Refinery  
  152  14:02  Refinery  
  149  14:03  Starport  
  149  14:08  Hellion, Siege Tank x2  
  149  14:09  Hellion x3  
  165  14:10  Hellion x2  
  165  14:14  Neosteel Armor  
  165  14:15  Liberator x2  
  167  14:23  Command Center  
  173  14:54  Starport Tech Lab  
  173  14:55  Starport Tech Lab x2  
  173  14:57  Starport Tech Lab  
  173  15:05  SCV x3, Fusion Core  
  176  15:33  Missile Turret  
  176  15:34  Missile Turret  
  176  15:38  Terran Ship Weapons Level 2  
  176  15:40  Terran Vehicle Weapons Level 3  
  176  15:45  SCV x4  
  181  15:57  SCV  
  181  16:10  Battlecruiser  
  184  16:53  Command Center  
  159  17:55  Battlecruiser x2  
  153  18:08  Siege Tank x4  
  153  18:09  Hellion x4  
  167  18:14  Command Center  
  133  18:30  Viking x2, Hellion  
  133  18:31  Hellion x3  
  142  18:34  Viking  
  150  18:46  Orbital Command  
  144  19:05  Hellion  
  144  19:06  Hellion x7  
  151  19:14  Orbital Command  
  151  19:17  Viking  
  151  19:18  Viking  
  155  19:26  Hellion  
  155  19:27  Hellion x4  
  171  19:31  Missile Turret  
  171  19:32  Hellion x3  
  171  19:40  Sensor Tower  
  171  19:42  Sensor Tower  
  171  19:44  Viking  
  171  20:25  Weapon Refit  
  121  21:34  Siege Tank x2  
  121  21:35  Hellion x5, Widow Mine  
  163  22:05  Command Center  
Tags
 
Add a new tag
Caveats
  • Supply blocks, unpowered buildings, or Contaminate may cause inaccurate times.
  • Supply counts are checked every 10 seconds.